 Dungeon Crawl Stone Soup version 0.29.1-2-gbd0b4ee654 (webtiles) character file.

Game seed: 11554060544662371550

45 LustLizard the Shooter (level 3, -1/29 HPs)
             Began as a Barachi Hunter on Nov 8, 2022.
             Slain by a gnoll
             ... wielding a +0 club
              (6 damage)
             ... on level 1 of the Dungeon.
             The game lasted 00:02:47 (1679 turns).

LustLizard the Shooter (Barachi Hunter)             Turns: 1679, Time: 00:02:48

Health: -1/29      AC:  3    Str: 11    XL:     3   Next: 64%
Magic:  3/3        EV: 13    Int:  8    God:
Gold:   44         SH:  4    Dex: 21    Spells: 2/2 levels left

rFire   . . .      SeeInvis .   a - +0 shortbow
rCold   . . .      Faith    .   (shield currently unavailable)
rNeg    . . .      Spirit   .   c - +0 leather armour
rPois   +          Reflect  .   (no helmet)
rElec   .          Harm     .   (no cloak)
rCorr   .          Rampage  .   (no gloves)
Will    .....                   (no boots)
Stlth   ++........              (no amulet)
HPRegen 0.09/turn               (no ring)
MPRegen 0.08/turn               (no ring)

@: unable to hop, slow
A: amphibious, slowness 1, strong legs 1, +LOS, large bone plates 1, agile 1,
poison resistance, subdued magic 1
a: Hop


You were on level 1 of the Dungeon.
You visited 1 branch of the dungeon, and saw 2 of its levels.

You collected 44 gold pieces.

Inventory:

Hand Weapons
 a - a +0 shortbow (weapon)
Missiles
 e - 4 poisoned darts
 f - 3 atropa-tipped darts
Armour
 c - a +0 leather armour (worn)
Scrolls
 b - a scroll of immolation
 d - a scroll of enchant armour {unknown}
 g - a scroll of magic mapping {unknown}
 i - a scroll of teleportation {unknown}
 l - a scroll of noise {unknown}
Potions
 h - 2 potions of degeneration
 k - a potion of brilliance


   Skills:
 + Level 3.0 Fighting
 * Level 4.5 Ranged Weapons
 + Level 2.7 Dodging
 + Level 1.5 Stealth


You had 2 spell levels left.
You didn't know any spells.
Your spell library contained the following spells:

 Spells                   Type           Power      Damage    Failure   Level
 Beastly Appendage        Tmut           0%         N/A       45%         1
 Wereblood                Tmut           0%         N/A       61%         2
 Spider Form              Tmut/Pois      0%         N/A       83%         3


Dungeon Overview and Level Annotations

Branches:
Dungeon (2/15)

Altars:


Innate Abilities, Weirdness & Mutations

You are amphibious.
You cover ground slowly.
You can hop short distances.
You have an extended range of vision and can be seen from far away.
You are partially covered in large bone plates. (SH +4)
You are agile. (Dex +4, Str/Int -1)
Your system is resistant to poisons. (rPois)
Your spells are a little easier to cast, but a little less powerful.


Message History

You are too injured to fight recklessly!
You are too injured to fight recklessly!
You are too injured to fight recklessly!
You don't know any spells.
Hop to where?
Press: ? - help, Dir - move target Boing!
Fire: a) +0 shortbow
Press: ? - help, Q - select action, (/) - cycle Shift-Dir - straight line, f - gnoll
Aim: a gnoll, wielding a +0 club (sparse dust, moderately wounded, 69% to hit)
You shoot an arrow. The arrow barely misses the gnoll.
The gnoll hits you with a +0 club.
Unknown command.
Fire: a) +0 shortbow
Press: ? - help, Q - select action, (/) - cycle Shift-Dir - straight line, f/p - gnoll
Aim: a gnoll, wielding a +0 club (moderately wounded, 69% to hit)
You shoot an arrow. The arrow barely misses the gnoll.
The gnoll closely misses you.
Unknown command.
Fire: a) +0 shortbow
Press: ? - help, Q - select action, (/) - cycle Shift-Dir - straight line, f/p - gnoll
Aim: a gnoll, wielding a +0 club (moderately wounded, 69% to hit)
You shoot an arrow. The arrow closely misses the gnoll.
The gnoll hits you but does no damage.
Unknown command.
Fire: a) +0 shortbow
Press: ? - help, Q - select action, (/) - cycle Shift-Dir - straight line, f/p - gnoll
Aim: a gnoll, wielding a +0 club (moderately wounded, 69% to hit)
You shoot an arrow. The arrow barely misses the gnoll.
The gnoll barely misses you.
Unknown command.
Fire: a) +0 shortbow
Press: ? - help, Q - select action, (/) - cycle Shift-Dir - straight line, f/p - gnoll
Aim: a gnoll, wielding a +0 club (moderately wounded, 69% to hit)
You shoot an arrow. The arrow hits the gnoll.
The gnoll is heavily wounded.
The gnoll hits you with a +0 club.
* * * LOW HITPOINT WARNING * * *
The gnoll hits you with a +0 club.
You die...

#.............# #
#.###########.############### #.#
####................... #.#
#....##.#####.##.#####. #.#
#.#####.# #.##.# #. #.# #.# #.#
#.##.#####. #.# #.# #.#
#.##.......
#####.#####.#####.#####.#########
...##...........@........#
......#####.###g#######..#
####...####.# #># #..# #
#........###.#### #..# #
#..........>..#.## #..# ##### #
##...##........#.###..####...#
#####.####.......###............#
......# #........#............รท.
##.##.# #......##..###.)#####.#.


You could see a gnoll.

Vanquished Creatures
  An adder (D:2)
  7 endoplasms
  2 giant cockroaches
  3 goblins
  3 hobgoblins (D:1)
  3 jackals
  3 kobolds
  A quokka (D:1)
  3 ball pythons (D:1)
  2 bats (D:1)
  2 frilled lizards (D:1)
  2 rats (D:2)
32 creatures vanquished.

Vanquished Creatures (others)
  10 plants (D:2)
10 creatures vanquished.

Grand Total: 42 creatures vanquished

Notes
Turn   | Place    | Note
-------+----------+-------------------------------------------
     0 | D:1      | LustLizard the Barachi Hunter began the quest for the Orb.
     0 | D:1      | Reached XP level 1. HP: 17/17 MP: 1/1
    66 | D:1      | Reached skill level 1 in Stealth
   206 | D:1      | Reached XP level 2. HP: 23/23 MP: 2/2
   534 | D:1      | Reached XP level 3. HP: 28/28 MP: 3/3
  1382 | D:2      | Gained mutation: You are agile. (Dex +4, Str/Int -1)
                  | [potion of mutation]
  1382 | D:2      | Gained mutation: Your system is resistant to poisons.
                  | (rPois) [potion of mutation]
  1382 | D:2      | Gained mutation: Your spells are a little easier to cast,
                  | but a little less powerful. [potion of mutation]
  1382 | D:2      | Gained mutation: You are partially covered in large bone
                  | plates. (SH +4) [potion of mutation]
  1679 | D:1      | Slain by a gnoll

Illustrated notes

Levels and vault maps discovered:
D:1:      dpeg_arrival_radiant, layout_loops_ring
D:2:      layout_basic, serial_bayou, serial_bayou_lagoon_a,
          serial_bayou_lagoon_b, serial_bayou_pond_c, serial_bayou_pond_b,
          serial_bayou_pond_b

Skill      XL: |  1  2  3 |
---------------+----------+-----
Stealth        | 1 |  1.5
Fighting       | 3 |  3.0
Ranged Weapons | |  4.5
Dodging        | |  2.7

Action                   || total
-------------------------++-------
Melee: Shortbow          ||    14
 Fire: Shortbow          ||    92
 Abil: Hop               ||     2
  Use: Scroll            ||     3
       Potion            ||     3
Armor: Leather armour    ||     5
       Skin              ||    84
Dodge: Dodged            ||    34
Block: Other             ||     1
